 Dungeon Crawl Stone Soup version 0.17-a0-1849-g8a24fa2 (webtiles) character file.

4186 Ololoev the Destroyer (level 10, 56/57 HPs)
             Began as an Octopode Fire Elementalist on June 11, 2015.
             Was a Follower of Vehumet.
             Quit the game on level 9 of the Dungeon on Sept 18, 2015.
             The game lasted 00:52:24 (13003 turns).

Ololoev the Destroyer (Octopode Fire Elementalist) Turns: 13003, Time: 00:52:24

Health: 56/57      AC:  2    Str:  7    XL:     10   Next: 29%
Magic:  12/15      EV: 12    Int: 21    God:    Vehumet [*.....]
Gold:   309        SH:  6    Dex: 13    Spells: 4 memorised, 6 levels left

rFire  . . .     SeeInvis .     q - +0 whip (flame)
rCold  + . .     Clarity  .     d - +2 buckler {rPois}
rNeg   . . .     SustAt   .     (helmet restricted)
rPois  +         Gourm    .     (no amulet)
rElec  +         Spirit   .     t - ring of protection from cold
rCorr  .         Warding  .     y - ring of stealth
rMut   .         Stasis   .     (no ring)
MR     .....                    (no ring)
Stlth  ++++......               (no ring)
                                (no ring)
                                (no ring)
                                (no ring)

@: not resistant to hostile enchantments, stealthy
A: almost no armour, amphibious, 8 rings, constrict 8, antennae 1, rugged brown
scales 1, camouflage 1, clever 1, low mp 1, electricity resistance, weak 1,
gelatinous body 1, evolution 1
a: Renounce Religion


Innate Abilities, Weirdness & Mutations

You cannot wear most types of armour.
You are amphibious.
You can wear up to eight rings at the same time.
You can use your tentacles to constrict eight enemies at once.
Your skin changes colour to match your surroundings (Stealth).
Your rubbery body absorbs attacks (AC +1).
You have a pair of small antennae on your head.
You are partially covered in rugged brown scales (AC +1, +3% HP).
Your mind is acute. (Int +2)
Your magical capacity is low (-10% MP).
You are resistant to electric shocks.
You are weak. (Str -2)
You evolve.

Inventory:

Hand weapons
 q - a +0 whip of flaming (weapon)
Armour
 d - a +2 buckler of poison resistance (worn)
Jewellery
 t - a ring of protection from cold (left tentacle)
 y - a ring of stealth (right tentacle)
Magical devices
 j - a wand of frost (44)
 u - a wand of teleportation (8)
 v - a wand of disintegration (12)
 x - a wand of flame (26)
Scrolls
 b - 2 scrolls of remove curse
 c - a scroll of torment {unknown}
 h - 3 scrolls of teleportation
 i - 3 scrolls of magic mapping
 n - a scroll of amnesia
 w - a scroll of fog
Potions
 e - a potion of haste
 f - a potion of brilliance
 g - a potion of magic {unknown}
 l - a potion of agility
 m - a potion of might
 o - a potion of curing
 s - a potion of degeneration {unknown}
 A - a potion of poison {unknown}
 C - a potion of lignification
Books
 a - a book of Flames

   Spells                             Type                      Level
   a - Flame Tongue                   Conjuration/Fire             1
   b - Throw Flame                    Conjuration/Fire             2
   c - Conjure Flame                  Conjuration/Fire             3
   d - Inner Flame                    Hexes/Fire                   3
   e - Sticky Flame                   Conjuration/Fire             4
   f - Fireball                       Conjuration/Fire             5
Comestibles
 k - a meat ration
 p - a slice of pizza
 r - 6 bread rations
 z - 7 beef jerkies


   Skills:
 - Level 2.0 Dodging
 - Level 2.6 Stealth
 * Level 2.7 Shields
 + Level 5.0 Spellcasting
 + Level 10.5 Conjurations
 + Level 8.8 Fire Magic


You had 6 spell levels left.
You knew the following spells:

 Your Spells              Type           Power        Failure   Level  Hunger
a - Flame Tongue          Conj/Fire      #####        1%          1    None
b - Conjure Flame         Conj/Fire      #####...     1%          3    ##.....
c - Sticky Flame          Conj/Fire      #####...     2%          4    ####...
d - Fireball              Conj/Fire      #####.....   10%         5    #####..


You were on level 9 of the Dungeon.
You worshipped Vehumet.
Vehumet was aware of your devotion.
You were not hungry.

You visited 2 branches of the dungeon, and saw 10 of its levels.

You collected 435 gold pieces.
You spent 126 gold pieces at shops.

#.# ### ## #.##<#
#.## #...# #...#
##.)# #....# .
##.###..#..#
...##....###..#
#...>....###...#
#.........##...#####
..........##@.......
#..##..........###..
... #........### ..
##.......#
#...###..# ....##
###.. #...# #.. ##.#
#.# #. ..

Notes
Turn   | Place    | Note
--------------------------------------------------------------
     0 | D:1      | Ololoev the Octopode Fire Elementalist began the quest for the Orb.
     0 | D:1      | Reached XP level 1. HP: 11/11 MP: 3/3
    84 | D:1      | Reached XP level 2. HP: 9/17 MP: 0/5
   928 | D:1      | Reached XP level 3. HP: 21/21 MP: 2/6
  1791 | D:2      | Learned a level 3 spell: Conjure Flame
  2062 | D:2      | Reached XP level 4. HP: 14/27 MP: 0/7
  2596 | D:2      | HP: 2/40 [poisoned by an adder]
  2602 | D:2      | HP: 2/40 [poisoned by an adder]
  3211 | D:2      | Found a faded altar to an unknown god.
  3342 | D:2      | Reached skill level 4 in Fire Magic
  3539 | D:3      | Noticed a water moccasin
  3734 | D:3      | Reached XP level 5. HP: 28/31 MP: 6/8
  3740 | D:3      | Learned a level 4 spell: Sticky Flame
  3838 | D:3      | Found an iron altar of Okawaru.
  4313 | D:3      | Killed a water moccasin
  4313 | D:3      | Reached XP level 6. HP: 36/36 MP: 0/9
  4937 | D:4      | Reached skill level 5 in Conjurations
  4971 | D:4      | Noticed Pikel
  4982 | D:4      | Killed Pikel
  4982 | D:4      | Reached skill level 6 in Conjurations
  4982 | D:4      | Reached skill level 5 in Fire Magic
  4982 | D:4      | Reached XP level 7. HP: 31/41 MP: 0/10
  5186 | D:4      | Found a staircase to the Ecumenical Temple.
  5195 | Temple   | Entered the Ecumenical Temple
  5333 | D:4      | Noticed Duvessa
  5335 | D:4      | Noticed Dowan
  5342 | D:4      | Killed Duvessa
  5342 | D:4      | Reached skill level 7 in Conjurations
  5342 | D:4      | Reached XP level 8. HP: 44/46 MP: 5/11
  5805 | D:4      | Found a sparkling altar of Nemelex Xobeh.
  5836 | D:4      | Killed Dowan
  6083 | D:4      | Noticed Crazy Yiuf
  6219 | D:4      | Killed Crazy Yiuf
  6423 | D:5      | Entered Level 5 of the Dungeon
  6603 | D:5      | Found a blossoming altar of Fedhas.
  6647 | D:5      | Found a shadowy altar of Dithmenos.
  7663 | D:5      | Reached skill level 8 in Conjurations
  8764 | D:6      | Reached skill level 9 in Conjurations
  8764 | D:6      | Reached XP level 9. HP: 51/51 MP: 5/12
  8771 | D:6      | Learned a level 5 spell: Fireball
  9185 | D:7      | Found a glowing silver altar of Zin.
  9185 | D:7      | Found a radiant altar of Vehumet.
  9186 | D:7      | Found an ancient bone altar of Kikubaaqudgha.
  9192 | D:7      | Became a worshipper of Vehumet
  9414 | D:7      | Found a sacrificial altar of Ru.
  9414 | D:7      | Found a snail-covered altar of Cheibriados.
  9959 | D:7      | Gained mutation: Your magical capacity is low (-10% MP). [potion of mutation]
  9959 | D:7      | Gained mutation: You are partially covered in rugged brown scales (AC +1, +3% HP). [potion of mutation]
  9959 | D:7      | Gained mutation: You evolve. [potion of mutation]
 10709 | D:7      | Reached skill level 10 in Conjurations
 11095 | D:7      | Acquired Vehumet's first power
 11095 | D:7      | Offered knowledge of Magic Dart by Vehumet.
 11156 | D:7      | Found a glowing golden altar of the Shining One.
 11429 | D:8      | Found Weokyc's Antique Armour Shop.
 11438 | D:8      | Reached XP level 10. HP: 57/57 MP: 2/15
 11578 | D:8      | Bought a shiny buckler for 126 gold pieces
 11686 | D:8      | Found Egarch's Gadget Shop.
 11725 | D:8      | Gained mutation: You are weak. (Str -2) [evolution]
 11931 | D:7      | Reached skill level 1 in Shields
 11940 | D:7      | Gained mutation: You are resistant to electric shocks. [mutagenic meat]
 11941 | D:7      | Gained mutation: Your mind is acute. (Int +2) [mutagenic meat]
 11942 | D:7      | Gained mutation: You have a pair of small antennae on your head. [mutagenic meat]
 12092 | D:8      | Found Acreis's Armour Emporium.
 12138 | D:7      | Offered knowledge of Shock by Vehumet.
 12651 | D:8      | Found Zuirch Cedi's Jewellery Emporium.
 12864 | D:9      | Found a staircase to the Lair.
 12886 | D:9      | Reached skill level 5 in Spellcasting
 13003 | D:9      | Upgraded the game from 0.17-a0-1360-g37db002 to 0.17-a0-1849-g8a24fa2
 13003 | D:9      | Quit the game

Dungeon Overview and Level Annotations

Branches:
Dungeon (9/15)             Temple (1/1) D:4            Lair (0/8) D:9
    Orc: D:9-12

Altars:
Ashenzari
Cheibriados
Dithmenos
Elyvilon
Fedhas
Gozag
Kikubaaqudgha
Makhleb
Nemelex Xobeh
Okawaru
Qazlal
Ru
Sif Muna
Trog
Vehumet
Xom
Yredelemnul
Zin
The Shining One

Shops:
D:8 =[}[


Message History

You butcher the orc corpse.
A hound zombie comes into view.
Things that are here:
a war axe; a scale mail; 4 chunks of flesh A hound zombie is nearby!
Found a stone staircase leading down.
Casting: Flame Tongue
Confirm with . or Enter, or press ? or * to list all spells.
Aiming: Sticky Flame
Press: ? - help, Shift-Dir - straight line, f - hound zombie
Aim: a hound zombie (hasn't noticed you)
The sticky flame hits the hound zombie.
The hound zombie is covered in liquid flames!
The hound zombie burns!
The hound zombie closely misses you.
The hound zombie burns!
The hound zombie misses you.
The hound zombie burns!
The hound zombie bites you.
The hound zombie burns!
Found an encrusted golden ring.
You see here 18 gold pieces.
You now have 309 gold pieces (gained 18).
The hound zombie burns!
The hound zombie closely misses you. The hound zombie closely misses you.
The hound zombie burns!
You destroy the hound zombie!
Vehumet accepts your kill.
You feel your power returning.
y - an encrusted golden ring Put on which piece of jewellery? (? for menu, Esc to quit)
y - a ring of stealth (right tentacle)
You remove your ring of stealth.
You drop an uncursed ring of stealth.
y - an uncursed ring of stealth Put on which piece of jewellery? (? for menu, Esc to quit)
y - a ring of stealth (right tentacle) Unknown command.
Saving game... please wait.
Welcome back, Ololoev the Octopode Fire Elementalist.
Vehumet says: Let it end in hellfire!
Press ? for a list of commands and other information.
Are you sure you want to abandon this character and quit the game? (Confirm with "yes".)

There were no monsters in sight!

Vanquished Creatures
  Pikel (D:4)
  2 hippogriffs
  A yak (D:9)
  A water moccasin (D:3)
  Duvessa (D:4)
  3 orc warriors (D:7)
  2 ice beasts
  2 phantoms
  A black bear (D:7)
  2 centaurs
  2 sky beasts
  4 ogres
  4 giant frogs
  A big kobold (D:8)
  Dowan (D:4)
  6 wights
  3 crimson imps
  2 hounds (D:8)
  A jelly (D:8)
  Crazy Yiuf (D:4)
  A centaur skeleton (D:8)
  5 orc priests
  A hell rat (D:9)
  4 worker ants
  6 orc wizards
  A hound zombie (D:9)
  2 worker ant zombies
  14 adders
  4 gnolls (D:6)
  A river rat (D:9)
  A shadow imp (D:7)
  An ooze (D:1)
  An adder skeleton (D:8)
  4 worms
  5 giant geckos
  15 orcs
  2 bat skeletons
  6 giant cockroaches
  17 hobgoblins
  4 quokkas
  10 bats
  A giant gecko skeleton (D:5)
  A giant gecko zombie (D:8)
  8 giant newts
  16 goblins
  10 jackals
  16 kobolds
  A quokka zombie (D:6)
  22 rats
221 creatures vanquished.

Vanquished Creatures (others)
  2 slaves (D:4)
  2 worker ants (D:4)
  An orc (D:7)
5 creatures vanquished.

Grand Total: 226 creatures vanquished

Action                   |  1- 3 |  4- 6 |  7- 9 | 10-12 || total
-------------------------+-------+-------+-------+-------++-------
Melee: Short sword       |    15 |    37 |       |       ||    52
       Dagger            |     2 |       |       |       ||     2
       Whip              |       |       |    83 |    17 ||   100
 Cast: Flame Tongue      |    65 |   108 |   180 |    51 ||   404
       Conjure Flame     |       |     7 |    22 |     3 ||    32
       Sticky Flame      |       |       |     8 |    11 ||    19
       Fireball          |       |       |    13 |     5 ||    18
  Use: Potion            |       |     3 |     1 |     1 ||     5
       Scroll            |       |       |    13 |     2 ||    15
 Stab: Sleeping          |     1 |     1 |     5 |     1 ||     8
       Distracted        |       |       |     1 |       ||     1
  Eat: Chunk             |     1 |     9 |    23 |     7 ||    40
       Bread ration      |     1 |       |     1 |       ||     2
       Fruit             |       |       |     2 |     2 ||     4
       Meat ration       |       |       |       |     1 ||     1

Vault maps used:
D:1:      dpeg_arrival_arbitrary_a
D:2:      ecumenical_altar_2, serial_glass, glass_columns_a, glass_columns_a,
          minmay_strange_pillars
D:3:      minmay_misc_feat_doors, okawaru_ov_weapons_minmay
D:4:      temple_fountains, first_bread, nemelex_spade_bored_becter, uniq_pikel,
          uniq_duvessa, uniq_crazy_yiuf_cottage
D:5:      kennysheep_mini_moat, basic_altar
D:7:      lemuel_coloured_pillars_altar, gammafunk_temple_overflow_claw,
          gammafunk_temple_overflow_statue, grunt_ogre_cave,
          kennysheep_small_spiral
D:8:      serial_shops, nicolae_shop_trees, shop, shop, shop
D:9:      minmay_tri_box, dpeg_lair_monsters, basic_altar
Temple:   circular_temple_12
